 Dungeon Crawl Stone Soup version 0.20-a0-201-g851c6fa (webtiles) character file.

19018 patrickswayze the Slicer (level 12, -2/64 (65) HPs)
             Began as a Deep Elf Chaos Knight on Nov 25, 2016.
             Slain by a spiny frog (3 damage)
             ... on level 5 of the Lair of Beasts.
             The game lasted 00:41:00 (13392 turns).

patrickswayze the Slicer (Deep Elf Chaos Knight)   Turns: 13392, Time: 00:41:03

HP:   -2/64 (65)    AC:  9    Str:  9    XL:     12   Next: 32%
MP:   25/25         EV:  2    Int: 15    God:    Xom [.*....]
Gold: 338           SH:  0    Dex: 26    Spells: 8/14 levels left

rFire  + . .     SeeInvis .     a - +10 short sword of Oria {speed, rPois rN+ Dex+4}
rCold  . . .     Gourm    .     Y - +1 troll leather armour
rNeg   + + +     Faith    .     (no shield)
rPois  ∞         Spirit   .     U - +1 helmet
rElec  .         Reflect  .     (no cloak)
rCorr  .         Harm     .     (no gloves)
MR     +....     Clarity  +     I - +0 pair of boots
Stlth  ++++......               g - amulet of regeneration
                                n - ring of wizardry
                                i - ring of magical power

@: petrified
A: rugged brown scales 1, agile 2, clarity, dopey 2, fire resistance 1, wild
magic 1
a: Renounce Religion


You were on level 5 of the Lair of Beasts.
You worshipped Xom.
You were a plaything of Xom.
You were not hungry.

You visited 2 branches of the dungeon, and saw 15 of its levels.

You collected 1081 gold pieces.
You spent 743 gold pieces at shops.


Innate Abilities, Weirdness & Mutations

You are partially covered in rugged brown scales. (AC +1, +3% HP)
You are very agile. (Dex +4)
You possess an exceptional clarity of mind.
You are very dopey. (Int -4)
Your flesh is heat resistant. (rF+)
Your spells are a little harder to cast, but a little more powerful.


   Skills:
 - Level 2.4 Fighting
 - Level 12.0 Short Blades
 - Level 0.7 Armour
 - Level 11.0 Dodging
 - Level 8.1 Stealth
 + Level 1.8 Spellcasting
 - Level 12.0 Hexes
 - Level 12.0 Charms


You had 8 spell levels left.
You knew the following spells:

 Your Spells              Type           Power        Failure   Level  Hunger
c - Regeneration          Chrm/Necr      ####......   7%          3    ####...
Z - Spectral Weapon       Hex/Chrm       #####...     1%          3    ####...

Inventory:

Hand Weapons
 a - the +10 short sword of Oria (weapon) {speed, rPois rN+ Dex+4}
   (You bought it in a shop on level 4 of the Dungeon)

   Attacks with this weapon are significantly faster.
   It affects your dexterity (+4).
   It protects you from poison.
   It protects you from negative energy.
 b - a +2 dagger of electrocution
 e - a +0 blowgun
Missiles
 k - 27 poisoned needles
 C - a throwing net
Armour
 I - a +0 pair of boots (worn)
 U - a +1 helmet (worn)
 Y - a +1 troll leather armour (worn)
Jewellery
 g - an amulet of regeneration (around neck)
 i - a ring of magical power (left hand)
 j - an uncursed amulet of faith {!P}
 l - an uncursed amulet of rage
 n - a ring of wizardry (right hand)
 x - an uncursed ring of ice
 V - a +4 ring of strength {unknown}
Wands
 z - a wand of confusion (33/48)
 B - a wand of lightning (10/15)
 M - a wand of lightning (4/15)
 X - a wand of enslavement (10/24)
 Z - a wand of hasting (5/9)
Scrolls
 r - a scroll of holy word
 t - a scroll of blinking
 v - 2 scrolls of enchant armour
 D - 4 scrolls of recharging
 E - 5 scrolls of remove curse
 G - 2 scrolls of amnesia
 P - a scroll of magic mapping
 Q - 8 scrolls of fog
 W - 2 scrolls of immolation
Potions
 d - a potion of flight {unknown}
 h - 2 potions of lignification {!q}
 p - 2 potions of degeneration {unknown}
 w - 2 potions of agility {unknown}
 A - 4 potions of curing
 F - a potion of brilliance {unknown}
 H - 3 potions of heal wounds {unknown}
 J - a potion of invisibility {unknown}
 K - 2 potions of magic {unknown}
 L - a potion of resistance {unknown}
 R - a potion of haste {unknown}
 S - 3 potions of might {unknown}
 T - 2 potions of cure mutation {unknown}
Books
 f - a book of Clouds

   Spells                             Type                      Level
   a - Mephitic Cloud                 Conjuration/Poison/Air       3
   b - Conjure Flame                  Conjuration/Fire             3
   c - Poisonous Cloud                Conjuration/Poison/Air       5
   d - Freezing Cloud                 Conjuration/Ice/Air          6
   e - Ring of Flames                 Charms/Fire                  7
 y - a book of Geomancy

   Spells                             Type                      Level
   a - Sandblast                      Earth                        1
   b - Passwall                       Transmutation/Earth          2
   c - Stone Arrow                    Conjuration/Earth            3
   d - Petrify                        Transmutation/Earth          4
   e - Lee's Rapid Deconstruction     Earth                        5
 N - a book of Cantrips

   Spells                             Type                      Level
   a - Confusing Touch                Hexes                        1
   b - Animate Skeleton               Necromancy                   1
   c - Summon Small Mammal            Summoning                    1
   d - Apportation                    Translocation                1
 O - a book of Battle

   Spells                             Type                      Level
   a - Infusion                       Charms                       1
   b - Shroud of Golubria             Charms/Translocation         2
   c - Song of Slaying                Charms                       2
   d - Spectral Weapon                Hexes/Charms                 3
   e - Regeneration                   Charms/Necromancy            3
Comestibles
 c - 14 bread rations
 m - 9 fruits
 o - 4 slices of pizza
 q - 7 chunks of flesh
 s - 7 meat rations
 u - 2 beef jerkies


Message History

* * * LOW HITPOINT WARNING * * *
The four-headed hydra bites you.
* * * LOW HITPOINT WARNING * * *
The four-headed hydra bites you.
* * * LOW HITPOINT WARNING * * *
The spiny frog stings you but does no damage.
The basilisk gazes at you.
You easily resist.
The four-headed hydra bites you but does no damage.
The four-headed hydra bites you!
* * * LOW HITPOINT WARNING * * *
The four-headed hydra bites you.
The four-headed hydra bites you but does no damage.
The spiny frog stings you!
* * * LOW HITPOINT WARNING * * *
The basilisk bites you but does no damage.
The four-headed hydra bites you but does no damage. x3
The four-headed hydra bites you. The spiny frog stings you!
You die...
Xom is highly amused!

.......................
.##....###P...#.......#
.###...P##.P.###......#
.###...####%%.P.......#
.##.....##............#
.P#....###.<...#......#
.P#.....#....##.......##.
...+...........+.........
.......#.#..P.PP@.......#
........#######DFl.....#.
..##....###...%.......P..
.P.......................
.........................
.........................
....P....................
.........................
..P..........#......#.#.P


You could see a four-headed hydra, a spiny frog and a basilisk.

Vanquished Creatures
  Snorg (Lair:4)
  A queen ant (shapeshifter) (Lair:2)
  5 black mambas
  A merfolk siren (Lair:2)
  7 spiny frogs
  A komodo dragon (Lair:2)
  2 rime drakes
  2 trolls (D:9)
  5 hippogriffs
  A hornet (Lair:4)
  9 blink frogs
  A spriggan (D:8)
  15 yaks
  3 basilisks
  A hungry ghost (D:7)
  4 water moccasins
  2 orc warriors
  11 porcupines
  4 ice beasts
  An eye of draining (D:10)
  3 sky beasts
  5 black bears
  A phantom (D:9)
  A necrophage (D:7)
  An ogre (D:5)
  12 wolves
  2 centaurs
  3 crocodiles
  8 bullfrogs
  3 scorpions
  3 killer bees (D:7)
  An electric eel (Lair:4)
  3 howler monkeys
  6 crimson imps
  A bullfrog zombie (D:6)
  7 hounds
  A jelly (D:8)
  A quasit (D:9)
  A bullfrog skeleton (D:5)
  3 orc priests
  6 orc wizards
  4 iguanas
  14 worker ants
  A killer bee zombie (D:7)
  A statue (D:6)
  Robin (D:4)
  A howler monkey zombie (D:8)
  A worker ant zombie (D:6)
  8 adders
  A shadow imp (D:9)
  An ooze (D:3)
  3 adder skeletons
  An adder zombie (D:6)
  7 worms
  4 dart slugs
  2 leopard geckos
  20 orcs
  12 giant cockroaches
  16 goblins
  11 hobgoblins
  9 jackals
  2 quokkas
  4 ball pythons
  6 bats
  5 frilled lizards
  9 kobolds
  A leopard gecko skeleton (D:4)
  A quokka skeleton (D:4)
  6 rats
  A spectral orc (D:7)
  A fungus (Lair:2)
303 creatures vanquished.

Vanquished Creatures (collateral kills)
  A yak (D:9)
  A wolf (Lair:1)
  A fungus (D:9)
  A plant (D:9)
4 creatures vanquished.

Vanquished Creatures (others)
  A spiny frog (Lair:1)
  A yak (D:9)
  4 bushes (D:9)
  47 fungi (D:9)
  22 plants (D:9)
  3 spectral weapons
78 creatures vanquished.

Grand Total: 385 creatures vanquished

Notes
Turn   | Place    | Note
-------+----------+-------------------------------------------
     0 | D:1      | patrickswayze the Deep Elf Chaos Knight began the quest for the Orb.
     0 | D:1      | Reached XP level 1. HP: 13/13 MP: 3/3
    19 | D:1      | Reached skill level 1 in Stealth
   208 | D:1      | Reached XP level 2. HP: 18/18 MP: 4/4
   373 | D:1      | Reached skill level 3 in Stealth
   424 | D:1      | XOM: divination: detect items
   606 | D:1      | XOM: harmless Fire miscast
   818 | D:2      | Reached XP level 3. HP: 22/22 MP: 5/5
  1051 | D:2      | XOM: divination: detect creatures
  1418 | D:2      | XOM: harmless Erth miscast
  1639 | D:3      | XOM: cloud trail
  1667 | D:3      | Found a shimmering altar of Xom.
  1904 | D:3      | Reached XP level 4. HP: 20/27 MP: 6/6
  2020 | D:3      | XOM: god gift: 58 gold pieces
  2228 | D:3      | Noticed murphy's ghost (amateur MiBe)
  2229 | D:3      | XOM: scenery: create altars
  2243 | D:3      | XOM: potion effect (brilliance)
  2256 | D:3      | XOM: scenery: create altars
  2261 | D:4      | Found Lener's Antique Weapon Shop.
  2366 | D:4      | Noticed Robin
  2414 | D:4      | Reached skill level 6 in Stealth
  2427 | D:4      | Found Akhoblupn's Assorted Antiques.
  2455 | D:4      | You fall through a shaft!
  2455 | D:5      | Entered Level 5 of the Dungeon
  2471 | D:5      | XOM: potion effect (might)
  2481 | D:5      | XOM: harmless Ice miscast
  2492 | D:5      | XOM: potion effect (might)
  2515 | D:5      | XOM: cast spell 'Spider Form'
  2529 | D:5      | XOM: harmless Erth miscast
  2535 | D:4      | Reached XP level 5. HP: 21/31 MP: 7/7
  2684 | D:4      | Killed Robin
  2847 | D:4      | XOM: mild Chrm miscast
  2849 | D:4      | XOM: noise
  2955 | D:4      | Found an iron altar of Okawaru.
  3205 | D:4      | Found a white marble altar of Elyvilon.
  3351 | D:4      | Bought a pitted short sword for 168 gold pieces
  3351 | D:4      | Identified the +10 short sword of Oria {speed, rPois rN+ Dex+4} (You bought it in a shop on level 4 of the Dungeon)
  3467 | D:5      | Reached XP level 6. HP: 36/36 MP: 8/8
  3746 | D:5      | XOM: swap monsters
  3776 | D:5      | Noticed a sky beast
  3780 | D:5      | Killed a sky beast
  3780 | D:5      | Reached XP level 7. HP: 40/40 MP: 9/9
  3965 | D:5      | Reached skill level 6 in Short Blades
  3998 | D:5      | Found a glowing golden altar of the Shining One.
  4108 | D:5      | XOM: harmless Summ miscast
  4154 | D:6      | XOM: torment (19/40 hp)
  4323 | D:5      | XOM: summons 3 hostile demons
  4324 | D:5      | Noticed a red devil
  4324 | D:5      | Noticed a rust devil
  4366 | D:6      | Found a radiant altar of Vehumet.
  4379 | D:6      | Reached XP level 8. HP: 37/45 MP: 10/10
  4476 | D:6      | XOM: harmless Ice miscast
  4482 | D:6      | XOM: cast spell 'Summon Butterflies'
  4518 | D:6      | XOM: silly message
  4528 | D:6      | Got an opalescent robe
  4529 | D:6      | Identified the cursed +0 robe "Ickeynu" {rPois} (You found it on level 6 of the Dungeon)
  4630 | D:6      | XOM: potion effect (agility)
  4655 | D:6      | Found a shadowy altar of Dithmenos.
  4678 | D:6      | XOM: divination: detect items
  4684 | D:6      | Reached skill level 9 in Short Blades
  4691 | D:6      | Found a staircase to the Ecumenical Temple.
  4738 | D:6      | XOM is BORED!
  4738 | D:6      | XOM: noise
  4761 | D:6      | XOM: mild Divn miscast
  5166 | D:7      | XOM: harmless Air miscast
  5180 | D:7      | Reached skill level 3 in Dodging
  5201 | D:7      | Found Sejo's Magic Scroll Boutique.
  5214 | D:7      | XOM: harmless Ice miscast
  5223 | D:7      | XOM: destruction
  5346 | D:6      | XOM: silly message
  5428 | D:7      | Found an opulent altar of Gozag.
  5459 | D:7      | Noticed a hippogriff
  5467 | D:7      | Reached XP level 9. HP: 42/48 MP: 11/11
  5548 | D:7      | XOM: summons 5 friendly demons
  5649 | D:7      | XOM: harmless Ice miscast
  5718 | D:7      | Bought a scroll of identify for 22 gold pieces
  5718 | D:7      | Bought a scroll of identify for 22 gold pieces
  5718 | D:7      | Bought a scroll of identify for 22 gold pieces
  5718 | D:7      | Bought a scroll of fear for 38 gold pieces
  5718 | D:7      | Bought a scroll of fog for 22 gold pieces
  5718 | D:7      | Bought a scroll of fog for 22 gold pieces
  5797 | D:7      | XOM: give mutations
  5797 | D:7      | Gained mutation: You are dopey. (Int -2) [Xom's mischief]
  5797 | D:7      | Gained mutation: Armour fits poorly on your strangely shaped body. [Xom's mischief]
  5797 | D:7      | Lost mutation: Armour fits poorly on your strangely shaped body. [Xom's mischief]
  5797 | D:7      | Gained mutation: You are weak. (Str -2) [Xom's mischief]
  5807 | D:7      | Reached skill level 6 in Dodging
  5907 | D:7      | XOM: harmless Erth miscast
  5916 | D:7      | XOM: butterfly on damage
  6065 | D:7      | XOM is BORED!
  6065 | D:7      | XOM: mild Hex miscast
  6166 | D:7      | Found a basalt altar of Yredelemnul.
  6384 | D:8      | XOM: give mutations
  6384 | D:8      | Gained mutation: Your flesh is heat resistant. (rF+) [Xom's grace]
  6384 | D:8      | Gained mutation: You are agile. (Dex +2) [Xom's grace]
  6384 | D:8      | Gained mutation: You are very agile. (Dex +4) [Xom's grace]
  6384 | D:8      | Gained mutation: Your spells are a little harder to cast, but a little more powerful. [Xom's grace]
  6394 | D:8      | XOM: cast spell 'Ice Form'
  6478 | D:8      | XOM: scenery: create altars
  6535 | D:8      | XOM: harmless Summ miscast
  6699 | D:8      | Reached skill level 9 in Dodging
  7117 | D:8      | XOM is BORED!
  7130 | D:8      | XOM: give mutations
  7130 | D:8      | Lost mutation: You are weak. (Str -2) [Xom's grace]
  7130 | D:8      | Gained mutation: You possess an exceptional clarity of mind. [Xom's grace]
  7130 | D:8      | Gained mutation: You are partially covered in rugged brown scales. (AC +1, +3% HP) [Xom's grace]
  7294 | D:9      | Found a hazy altar of Hepliaklqana.
  7297 | D:9      | XOM: mild Pois miscast
  7405 | D:9      | XOM: give mutation
  7405 | D:9      | Gained mutation: You are very dopey. (Int -4) [Xom's mischief]
  7441 | D:9      | Noticed a glowing orange brain
  7445 | D:9      | Noticed a komodo dragon
  7518 | D:9      | Found a sacrificial altar of Ru.
  7563 | D:9      | Found a staircase to the Lair.
  7563 | D:9      | XOM: 6-stop teleportation journey
  7578 | D:9      | Noticed a troll
  7579 | D:9      | Reached XP level 10. HP: 53/54 MP: 12/12
  7596 | D:9      | XOM: polymorph porcupine -> ice beast
  7606 | D:9      | XOM: blink monster(s)
  7606 | D:9      | HP: 9/54 [porcupine (12)]
  8316 | D:9      | XOM: god gift: 60 gold pieces
  8318 | D:9      | XOM: 4-stop teleportation journey
  8458 | D:9      | XOM: blink monster(s)
  8474 | D:9      | XOM: summons 5 friendly demons
  8560 | D:9      | Found a bloodstained altar of Trog.
  8593 | D:9      | Found a blossoming altar of Fedhas.
  8705 | D:9      | XOM: torment (31/54 hp)
  8728 | D:9      | Reached skill level 12 in Short Blades
  8739 | D:9      | Learned a level 3 spell: Regeneration
  8739 | D:9      | XOM: summons 4 hostile shadow creatures
  8816 | D:9      | Learned a level 3 spell: Spectral Weapon
  8832 | D:9      | XOM: enchant monster (good)
  8862 | D:9      | XOM: summons 8 friendly demons
  9115 | D:10     | Entered Level 10 of the Dungeon
  9136 | D:10     | Reached skill level 1 in Charms
  9223 | D:9      | Reached skill level 3 in Charms
  9274 | Lair:1   | Entered Level 1 of the Lair of Beasts
  9285 | Lair:1   | Noticed a spiny frog
  9290 | Lair:1   | XOM: cast spell 'Necromutation'
  9303 | Lair:1   | Killed a spiny frog
  9335 | Lair:1   | XOM: cleaving
  9341 | Lair:1   | XOM: cast spell 'Cause Fear'
  9356 | Lair:1   | Reached skill level 6 in Charms
  9379 | Lair:1   | XOM: summons friendly shadow imp
  9397 | Lair:1   | Reached XP level 11. HP: 46/58 MP: 13/13
  9499 | Lair:1   | XOM: divine lightning
  9513 | Lair:1   | XOM: smoke on damage
  9566 | Lair:1   | Reached skill level 9 in Charms
 10403 | D:8      | XOM: god gift: quarterstaff {god gift}
 10525 | D:4      | Bought a runed rapier for 210 gold pieces
 10525 | D:4      | Bought a scroll of identify for 42 gold pieces
 10525 | D:4      | Bought a scroll of blinking for 157 gold pieces
 10525 | D:4      | Bought a lumpy coppery potion for 18 gold pieces
 10666 | D:9      | XOM: draining
 10750 | Lair:2   | XOM: summons friendly quasit
 10778 | Lair:2   | Noticed a six-headed hydra
 10922 | Lair:2   | Found a staircase to the Shoals.
 10934 | Lair:2   | XOM: noise
 11066 | Lair:2   | Reached skill level 12 in Charms
 11088 | Lair:2   | Reached skill level 1 in Hexes
 11341 | Lair:2   | Noticed an ettin
 11341 | Lair:2   | a six-headed hydra changed into an ettin
 11341 | Lair:2   | XOM: polymorph six-headed hydra -> ettin
 11353 | Lair:2   | XOM: summons friendly iron imp
 11356 | Lair:2   | XOM: cleaving
 11374 | Lair:2   | Noticed a queen ant
 11374 | Lair:2   | an ettin changed into a queen ant
 11381 | Lair:2   | XOM: polymorph iron imp -> crimson imp
 11392 | Lair:2   | XOM: enchant monster (good)
 11400 | Lair:2   | Killed a queen ant
 11587 | Lair:3   | XOM: god gift: cyan potion {god gift}
 11604 | Lair:3   | XOM: 5-stop teleportation journey
 11662 | Lair:3   | Reached skill level 6 in Hexes
 12143 | Lair:3   | XOM: god gift: weird runed staff {god gift}
 12219 | Lair:3   | XOM is BORED!
 12219 | Lair:3   | XOM: mild Conj miscast
 12219 | Lair:3   | XOM: smoke on damage
 12403 | Lair:4   | Noticed Snorg
 12410 | Lair:4   | XOM: 2-stop teleportation journey
 12423 | Lair:4   | Killed Snorg
 12423 | Lair:4   | Reached skill level 9 in Hexes
 12423 | Lair:4   | Reached XP level 12. HP: 64/64 MP: 14/14
 12477 | Lair:4   | XOM: scenery: create altars
 12520 | Lair:4   | Found a hole to the Spider Nest.
 12580 | Lair:4   | XOM: god gift: 16 arrows
 12600 | Lair:4   | XOM: scenery: create altars
 12997 | Lair:4   | XOM: god gift: twisted garnet ring {god gift}
 13025 | Lair:4   | XOM: confuse monster(s)
 13140 | Lair:4   | XOM: scenery: create altars
 13309 | Lair:5   | XOM: destruction
 13314 | Lair:5   | Reached skill level 12 in Hexes
 13321 | Lair:5   | Reached skill level 1 in Spellcasting
 13364 | Lair:5   | Noticed a four-headed hydra
 13368 | Lair:5   | XOM: scenery: create altars
 13390 | Lair:5   | HP: 12/64 [four-headed hydra (7)]
 13391 | Lair:5   | HP: 4/64 [four-headed hydra (5)]
 13392 | Lair:5   | HP: 1/64 [spiny frog (4)]
 13392 | Lair:5   | Slain by a spiny frog

Vault maps used:
D:1:      lightli_arrival_lavapool, minmay_hexomino_p4
D:2:      first_bread, hangedman_abyss_or_decor_stabs
D:3:      old_standard_altar, minmay_misc_feat_five
D:4:      okawaru_trees_2, kennysheep_mini, serial_shops, shop, shop, uniq_robin
D:5:      tso_altar
D:6:      vehumet_statue, nicolae_dithmenos_the_darkroom
D:7:      nicolae_gozag_seed_capital, yredelemnul_forgotten_temple_becter,
          serial_shops, kennysheep_little_box
D:8:      the_bakery
D:9:      trog_ov_bears_minmay, lemuel_doored_altar,
          nicolae_overflow_crystal_walls, due_lair_maze_entry_diamond,
          basic_altar, supply_closet_lemuel, onia_ninara_dug_in_and_dangerous
D:10:     guppyfry_shop_venom
Lair:1:   minivault_27
Lair:2:   minmay_shoals_entry_lonely_mermaid
Lair:4:   nicolae_spider_entry_non_spiders, uniq_snorg
Lair:5:   grunt_megastairs_1, lemuel_fruit_fields

Action                   |  1- 3 |  4- 6 |  7- 9 | 10-12 || total
-------------------------+-------+-------+-------+-------++-------
Melee: Short sword       |    90 |    25 |   303 |   483 ||   901
       Dagger            |    65 |   155 |       |    15 ||   235
       Unarmed           |       |       |     7 |       ||     7
 Fire: Blowgun           |     4 |     8 |       |    30 ||    42
 Cast: Spectral Weapon   |       |       |       |    22 ||    22
       Regeneration      |       |       |       |    10 ||    10
Evoke: Wand              |       |       |     4 |     5 ||     9
  Use: Scroll            |     7 |     6 |     8 |    10 ||    31
       Potion            |       |       |       |     2 ||     2
 Stab: Sleeping          |     7 |    11 |    17 |    11 ||    46
       Confused          |     1 |       |     1 |     2 ||     4
       Distracted        |       |     1 |     3 |     9 ||    13
  Eat: Chunk             |     3 |     6 |    13 |    21 ||    43
       Royal jelly       |       |       |       |     1 ||     1
Armor: Leather armour    |    39 |    47 |    34 |     5 ||   125
       Troll leather arm |       |       |       |    39 ||    39
Dodge: Dodged            |    77 |   102 |   116 |   241 ||   536
